 Dungeon Crawl Stone Soup version 0.29-a0-555-g3b24f45cc1 (webtiles) character file.

Game seed: 17560400311010798302

1397 freelancePsychic the Summoner (level 9, -4/108 HPs)
             Began as a Meteoran Summoner on June 7, 2022.
             Was an Initiate of Sif Muna.
             Slain by a gnoll
             ... wielding a +1 vorpal halberd
             ... led by a gnoll sergeant
              (11 damage)
             ... on level 5 of the Dungeon.
             The game lasted 00:13:05 (2021 turns).

freelancePsychic the Summoner (Meteoran Summoner)   Turns: 2021, Time: 00:13:06

Health: -4/108     AC:  3    Str: 12    XL:     9   Next: 20%
Magic:  4/17       EV: 12    Int: 20    God:    Sif Muna [......]
Gold:   259        SH:  0    Dex: 14    Spells: 7/17 levels left

rFire   + . .      SeeInvis .   g - +4 flail (drain)
rCold   + . .      Faith    .   (no shield)
rNeg    . . .      Spirit   .   a - +1 robe
rPois   .          Reflect  .   (no helmet)
rElec   .          Harm     .   (no cloak)
rCorr   .          Rampage  .   (no gloves)
Will    +....                   (no boots)
Stlth   ..........              q - amulet of regeneration
HPRegen 1.08/turn               k - ring of protection from fire
MPRegen 0.15/turn               s - ring of protection from cold

@: berserking, glowing, very quick
A: sense surroundings 2, otherworldly, glowing, explore regen
a: Renounce Religion


You were on level 5 of the Dungeon.
You worshipped Sif Muna.
Sif Muna was noncommittal.
You visited 1 branch of the dungeon, and saw 5 of its levels.
You also visited: Ossuary.

You collected 259 gold pieces.

Inventory:

Hand Weapons
 g - a +4 flail of draining (weapon)
 j - a +0 dagger of speed
Armour
 a - a +1 robe (worn)
Jewellery
 d - a ring of fire
 k - a ring of protection from fire (left hand)
 q - an amulet of regeneration (around neck)
 s - a ring of protection from cold (right hand)
Wands
 h - a wand of polymorph (5)
Scrolls
 c - 5 scrolls of enchant armour
Potions
 b - a potion of magic
 e - a potion of ambrosia
 f - a potion of attraction
 i - a potion of berserk rage
 m - a potion of flight
 n - 2 potions of mutation
 o - a potion of brilliance {unknown}
 p - 4 potions of lignification {unknown}


   Skills:
 + Level 4.5 Fighting
 - Level 2.4 Dodging
 - Level 1.4 Stealth
 - Level 4.8 Spellcasting
 - Level 2.5 Hexes
 * Level 9.0 Summonings
 * Level 5.7 Air Magic
 + Level 3.2 Invocations


You had 7 spell levels left.
You knew the following spells:

 Your Spells              Type           Power      Damage    Failure   Level
b - Call Canine Familiar  Summ           40%        N/A       1%          3
c - Summon Guardian Gole  Hex/Summ       27%        N/A       3%          3
d - Summon Lightning Spi  Summ/Air       34%        N/A       5%          4

Your spell library contained the following spells:

 Spells                   Type           Power      Damage    Failure   Level
 Summon Small Mammal      Summ           100%       N/A       1%          1
 Call Imp                 Summ           40%        N/A       1%          2
 Animate Dead             Necr           4%         N/A       75%         4
 Borgnjor's Vile Clutch   Necr/Erth      2%         N/A       97%         5
 Death Channel            Necr           2%         N/A       100%        6


Dungeon Overview and Level Annotations

Branches:
Dungeon (5/15)            Ossuary (visited)
 Temple: D:4-7

Altars:
Hepliaklqana
Sif Muna
Trog
Uskayaw
Yredelemnul

Annotations:
D:5 2 runed translucent doors


Innate Abilities, Weirdness & Mutations

You passively map the area around you.
You are easily found by Zot.
You glow in the dark.
You regain HP and MP as you explore.


Message History

The gnoll hits you from afar with a +0 spear.
The gnoll hits you with a +0 spear.
You barely miss the gnoll.
The gnoll is almost dead.
Your wolf bites the gnoll but does no damage.
The gnoll closely misses you.
The gnoll hits you from afar with a +0 spear.
* * * LOW HITPOINT WARNING * * *
The gnoll hits you with a +0 spear.
* * * LOW HITPOINT WARNING * * *
Your wolf bites the gnoll!
You hit the gnoll.
You kill the gnoll!
Sif Muna accepts your kill.
Your wolf closely misses the gnoll.
The gnoll hits you from afar with a +0 spear.
* * * LOW HITPOINT WARNING * * *
The gnoll hits you from afar with a +0 spear.
* * * LOW HITPOINT WARNING * * *
Your wolf barely misses the gnoll.
The gnoll hits you from afar with a +0 spear!
* * * LOW HITPOINT WARNING * * *
The gnoll hits you from afar with a +0 spear.
* * * LOW HITPOINT WARNING * * *
You feel better.
Your wolf closely misses the gnoll.
Your wolf bites the gnoll!
The gnoll dies!
Sif Muna accepts your kill. The worm bites you!
* * * LOW HITPOINT WARNING * * *
The gnoll closely misses you.
Your Summonings skill increases to level 9!
A red film seems to cover your vision as you go berserk!
You feel yourself moving faster!
You feel mighty! The gnoll barely misses you. x2
The worm bites you but does no damage.
You sock the worm! You drain the worm.
The worm is almost dead.
The gnoll hits you from afar with a +0 spear.
* * * LOW HITPOINT WARNING * * *
The gnoll hits you from afar with a +1 vorpal halberd!
You die...

#..,* * ** * #.#,
* * , #.# , * * ,
... *, ,, , #)#* *
* * *,* * #g# * *
* * #g# , #h# * *
* #@# ##### * * *
* #w###...#### ,,
, * *
##ng...P..... , *
.####...#.....#**,
**
#..w........_..# ,
,,
,...###...#.....#
# * ##.##.....# ,
* #.##....## , ###
,####.##...##


You could see a necrophage, a worm (drained), 3 gnolls and a friendly wolf
(summoned).

Vanquished Creatures
  A water moccasin (D:5)
  An elf zombie (Ossuary)
  2 scorpions (D:5)
  An orc priest (D:5)
  Ijyb (D:5)
  An orc wizard (D:5)
  2 mummies (Ossuary)
  A gnoll (D:5)
  4 adders
  2 ufetubi (D:5)
  A dart slug (D:4)
  An orc (D:5)
  An endoplasm (D:2)
  A goblin (D:3)
  A hobgoblin (D:2)
  2 ball pythons (D:4)
  3 bats
  A frilled lizard (D:2)
  A jackal zombie (Ossuary)
  2 kobolds
  A kobold zombie (Ossuary)
  2 rats (D:1)
  A rat zombie (Ossuary)
34 creatures vanquished.

Vanquished Creatures (collateral kills)
  Sigmund (D:2)
  A centaur (D:5)
  A gnoll sergeant (D:5)
  2 hounds (D:5)
  An orc wizard (D:5)
  A mummy (D:4)
  4 gnolls
  3 adders
  A worm (D:3)
  2 orcs (D:5)
  3 ball pythons
  3 giant cockroaches
  3 goblins
  4 hobgoblins
  3 quokkas
  3 bats (D:1)
  2 frilled lizards (D:1)
  A goblin zombie (Ossuary)
  A hobgoblin zombie (Ossuary)
  A jackal zombie (Ossuary)
  2 kobolds (D:2)
  2 rats
  A rat zombie (Ossuary)
46 creatures vanquished.

Vanquished Creatures (others)
  A troll (D:5)
  An elf zombie (Ossuary)
  A howler monkey (D:5)
  2 iguanas (D:5)
  A hound zombie (Ossuary)
  2 mummies (Ossuary)
  3 gnolls (D:4)
  An adder (D:4)
  A hobgoblin zombie (Ossuary)
  A jackal zombie (Ossuary)
  12 fungi
26 creatures vanquished.

Grand Total: 106 creatures vanquished

Notes
Turn   | Place    | Note
-------+----------+-------------------------------------------
     0 | D:1      | freelancePsychic the Meteoran Summoner began the quest for
                  | the Orb.
     0 | D:1      | Reached XP level 1. HP: 14/14 MP: 5/5
    57 | D:1      | Reached skill level 5 in Summonings
    73 | D:1      | Reached XP level 2. HP: 22/22 MP: 3/6
   281 | D:2      | Noticed Sigmund
   416 | D:1      | Reached skill level 1 in Fighting
   416 | D:1      | Reached XP level 3. HP: 20/28 MP: 6/8
   435 | D:2      | Learned a level 3 spell: Call Canine Familiar
   439 | D:2      | Learned a level 3 spell: Summon Guardian Golem
   536 | D:2      | Killed Sigmund
   537 | D:2      | Reached skill level 6 in Summonings
   537 | D:2      | Reached XP level 4. HP: 22/37 MP: 4/10
   537 | D:2      | Reached XP level 5. HP: 25/42 MP: 4/11
   537 | D:2      | Reached XP level 6. HP: 30/49 MP: 4/12
  1119 | D:4      | Found a sand-covered staircase.
  1133 | Ossuary  | Entered an ossuary
  1163 | Ossuary  | Reached skill level 1 in Air Magic
  1163 | Ossuary  | Reached XP level 7. HP: 46/56 MP: 12/14
  1177 | Ossuary  | Reached skill level 7 in Summonings
  1411 | D:4      | Learned a level 4 spell: Summon Lightning Spire
  1618 | D:5      | Entered Level 5 of the Dungeon
  1633 | D:5      | Reached XP level 8. HP: 42/63 MP: 11/16
  1638 | D:5      | Found a basalt altar of Yredelemnul.
  1639 | D:5      | Found a shimmering blue altar of Sif Muna.
  1664 | D:5      | Became a worshipper of Sif Muna the Loreminder
  1779 | D:5      | Found a hide-covered altar of Uskayaw.
  1780 | D:5      | Found a bloodstained altar of Trog.
  1829 | D:5      | Noticed Ijyb
  1846 | D:5      | Killed Ijyb
  1847 | D:5      | Reached skill level 1 in Invocations
  1871 | D:5      | Reached skill level 8 in Summonings
  1874 | D:5      | Found a large runed translucent door.
  1874 | D:5      | Found a large runed translucent door.
  1879 | D:5      | Identified the ring "Wuzu Bis" {rElec rN+ AC+4 Int+2}
  1929 | D:5      | Noticed a troll
  1953 | D:5      | Found a hazy altar of Hepliaklqana.
  1972 | D:5      | Killed a troll
  1973 | D:5      | Reached skill level 5 in Air Magic
  1973 | D:5      | Gained mutation: You passively map the area around you.
                  | [Meteoran growth]
  1973 | D:5      | Reached XP level 9. HP: 63/72 MP: 5/17
  2018 | D:5      | HP: 3/72 [gnoll/+0 spear[a gnoll sergeant] (8)]
  2018 | D:5      | HP: 1/72 [gnoll/+0 spear[a gnoll sergeant] (2)]
  2020 | D:5      | Reached skill level 9 in Summonings
  2021 | D:5      | Slain by a gnoll

Illustrated notes

Levels and vault maps discovered:
D:1:      heliophobic_arrival_ceremonial_halls, layout_loops_ring, serial_shops,
          shop_coins
D:2:      layout_rooms, minmay_goblin_kobold_house, uniq_crazy_yiuf_cottage,
          uniq_sigmund
D:3:      layout_loops_ring, serial_bayou, serial_bayou_shore_a,
          serial_bayou_pond_c, serial_bayou_pond_e, serial_bayou_lake_a
D:4:      layout_basic, serial_aquarium, aquarium_bridge_long_separate
          [aquarium_subvault_bridge, aquarium_subvault_bridge,
          aquarium_subvault_window, aquarium_subvault_bridge,
          aquarium_subvault_bridge, aquarium_subvault_window],
          aquarium_bridge_square [aquarium_subvault_bridge,
          aquarium_subvault_window, aquarium_subvault_bridge,
          aquarium_subvault_window], aquarium_window_corner, aquarium_window_1,
          aquarium_window_3, aquarium_window_1, aquarium_view_2d,
          aquarium_view_2c, aquarium_pool_1, gup_ossuary_entry_pyramid
D:5:      layout_loops_ring, mainiacjoe_overflow_tiny_flanked,
          mainiacjoe_overflow_divided_tiny, gammafunk_temple_overflow_pools,
          minmay_hollow_rounded_squares, uniq_ijyb

Skill      XL: |  1  2  3  4  5  6  7  8  9 |
---------------+----------------------------+-----
Summonings     | 5 6 7 8 9 |  9.0
Spellcasting   | 3 4 |  4.8
Fighting       | 1 2 3 4 |  4.5
Hexes          | 2 |  2.5
Air Magic      | 1 3 5 |  5.7
Invocations    | 3 |  3.2
Dodging        | |  2.4
Stealth        | |  1.4

Action                   |  1- 3 |  4- 6 |  7- 9 || total
-------------------------+-------+-------+-------++-------
Melee: Unarmed           |    61 |     8 |       ||    69
       Dagger            |       |    56 |    23 ||    79
       Punch             |       |     2 |       ||     2
       Flail             |       |       |    51 ||    51
 Cast: Summon Small Mamm |    22 |    10 |       ||    32
       Call Canine Famil |     2 |     8 |    17 ||    27
       Summon Guardian G |       |     3 |    14 ||    17
       Summon Lightning  |       |       |     2 ||     2
  Use: Scroll            |     1 |     5 |     8 ||    14
       Potion            |       |       |     3 ||     3
 Stab: Distracted        |       |     1 |     3 ||     4
Armor: Robe              |    45 |    26 |    29 ||   100
Dodge: Dodged            |    69 |    54 |    67 ||   190

Table legend: (Time is in decaauts)
 A = Elapsed time spent in this place.
 B = Non-inter-level travel time spent in this place.
 C = Inter-level travel time spent in this place.
 D = Time resting spent in this place.
 E = Time spent auto-exploring this place.
 F = Levels seen in this place.
 G = Mean time per level.
                   A        B        C        D        E       F      G
               +--------+--------+--------+--------+--------+-----+--------+
         Total |   2021 |   1832 |    189 |      0 |     80 |   6 |  336.8 |
       Dungeon |   1814 |   1625 |    189 |      0 |     80 |   5 |  362.8 |
       Ossuary |    206 |    206 |      0 |      0 |      0 |   1 |  206.0 |
               +--------+--------+--------+--------+--------+-----+--------+

Top non-repeatable levels by time:
     D:4: 472 daAuts
     D:5: 419 daAuts
     D:1: 412 daAuts
     D:2: 281 daAuts
     D:3: 229 daAuts
 Ossuary: 206 daAuts
